 Dungeon Crawl Stone Soup version 0.21.1-1-g345015f (webtiles) character file.

35 inc the Scratcher (level 3, -6/17 HPs)
             Began as a Felid Chaos Knight on Mar 11, 2018.
             Mangled by a worker ant (11 damage)
             ... on level 2 of the Dungeon.
             The game lasted 00:02:16 (1533 turns).

inc the Scratcher (Felid Chaos Knight)              Turns: 1533, Time: 00:02:17

Health: -6/17      AC:  1    Str:  8    XL:     3   Next: 17%
Magic:  4/4        EV: 18    Int: 14    God:    Xom [.*....]
Gold:   35         SH:  0    Dex: 15    Spells: 2/2 levels left
                                        Lives:  0   Deaths: 0

rFire    . . .     SeeInvis +     - Unarmed
rCold    . . .     Gourm    .   (shield unavailable)
rNeg     . . .     Faith    .   (armour unavailable)
rPois    .         Spirit   .   (helmet unavailable)
rElec    .         Reflect  .   (cloak unavailable)
rCorr    .         Harm     .   (gloves unavailable)
MR       .....                  (boots unavailable)
Stlth    ++........             (no amulet)
HPRegen  0.05/turn              (no ring)
MPRegen  0.09/turn              (no ring)

@: lethally poisoned (-6 -> -16), quick
A: very small, no armour, no weapons or thrown items, stealth, claws 1, fangs 3,
see invisible, carnivore, speed 1, shaggy fur 1, slow metabolism 1, sharp paws
a: Renounce Religion


You were on level 2 of the Dungeon.
You worshipped Xom.
You were a plaything of Xom.
You were very full.

You visited 1 branch of the dungeon, and saw 2 of its levels.

You collected 35 gold pieces.

Inventory:

Scrolls
 b - a scroll of blinking {unknown}
 e - a scroll of identify {unknown}
Potions
 c - a potion of magic {unknown}
 d - a potion of flight {unknown}
Comestibles
 a - 2 rations


   Skills:
 - Level 3.0 Fighting
 - Level 3.2 Dodging
 + Level 4.3 Unarmed Combat


You had 2 spell levels left.
You didn't know any spells.

Dungeon Overview and Level Annotations

Branches:
Dungeon (2/15)

Altars:


Innate Abilities, Weirdness & Mutations

You cannot wear armour.
You are incapable of wielding weapons or throwing items.
Your paws allow you to move quietly. (Stealth)
You have sharp claws.
You have razor-sharp teeth.
You have supernaturally acute eyesight. (SInv)
You are carnivorous and can eat meat at any time.
You cover ground quickly.
You are covered in fur. (AC +1)
You have a slow metabolism.
Your sharp claws are effective at attacking unaware monsters.


Message History

A shadow imp comes into view.
The worker ant closely misses you.
Found a stone staircase leading up.
Found 11 gold pieces.
The worker ant barely misses you.
The shadow imp shouts!
The shadow imp gestures at you.
You barely resist. The worker ant closely misses you. x2
You scratch the shadow imp.
The shadow imp is heavily wounded.
The worker ant closely misses you. The shadow imp hits you.
You scratch the shadow imp.
The shadow imp is almost dead.
The worker ant bites you.
* * * LOW HITPOINT WARNING * * *
You are lethally poisoned!
The worker ant poisons you! The worker ant bites you!
Ouch! That really hurt!
You die...

######## #.....$#
#......# #.5....#
#.@....# ####a.....#
#....!....#
#.........#
...#########....######
................#
..####<####....# #....
#.# <....# ...#####.
#.# #........
#..#...#.


You could see a shadow imp and a neutral worker ant (insane).

Vanquished Creatures
  An adder (D:1)
  A leopard gecko (D:1)
  4 hobgoblins (D:1)
  2 jackals (D:1)
  6 bats (D:1)
  A frilled lizard (D:1)
  6 kobolds (D:1)
  4 rats (D:1)
25 creatures vanquished.

Notes
Turn   | Place    | Note
-------+----------+-------------------------------------------
     0 | D:1      | inc the Felid Chaos Knight began the quest for the Orb.
     0 | D:1      | Reached XP level 1. HP: 10/10 MP: 2/2
   245 | D:1      | XOM: harmless Summ miscast
   250 | D:1      | XOM: smoke on damage
   430 | D:1      | XOM: god gift: ration
   497 | D:1      | Reached XP level 2. HP: 14/14 MP: 3/3
   647 | D:1      | XOM: divination: magic mapping
   759 | D:1      | XOM: butterfly on damage
   918 | D:1      | XOM is BORED!
   918 | D:1      | XOM: harmless Erth miscast
   950 | D:1      | Reached skill level 4 in Unarmed Combat
  1234 | D:1      | XOM: smoke on damage
  1341 | D:1      | XOM: potion effect (berserk rage)
  1342 | D:1      | Reached XP level 3. HP: 16/17 MP: 4/4
  1383 | D:1      | XOM: silly message
  1505 | D:1      | XOM: divination: magic mapping
  1515 | D:2      | XOM: silly message
  1516 | D:2      | XOM: cast spell 'Discord'
  1533 | D:2      | Mangled by a worker ant

Skill      XL: |  1  2 |
---------------+-------+-----
Unarmed Combat | 4 |  4.3
Fighting       | |  3.0
Dodging        | |  3.2

Action                   || total
-------------------------++-------
Melee: Unarmed           ||    80
       Bite              ||     2
 Stab: Sleeping          ||     2
  Eat: Chunk             ||     8
Armor: Skin              ||     7
Dodge: Dodged            ||    80
